 Dungeon Crawl Stone Soup version 0.26-a0-317-ge2f3d4a7ca (webtiles) character file.

Game seed: 5603884101197156505

77 Gargoyl the Skirmisher (level 4, -11/37 HPs)
             Began as a Palentonga Abyssal Knight on July 16, 2020.
             Was a Believer of Lugonu.
             Mangled by an ice beast (14 damage)
             ... on level 2 of the Dungeon.
             The game lasted 00:01:51 (1437 turns).

Gargoyl the Skirmisher (Palentonga Abyssal Knight)  Turns: 1437, Time: 00:01:51

Health: -11/37     AC:  9    Str: 16    XL:     4   Next: 14%
Magic:  4/5        EV:  3    Int: 12    God:    Lugonu [**....]
Gold:   57         SH:  0    Dex: 10    Spells: 3/3 levels left

rFire    . . .     SeeInvis +   a - +4 hand axe
rCold    . . .     Faith    .   (no shield)
rNeg     . . .     Spirit   .   h - +0 plate armour
rPois    .         Reflect  .   (no helmet)
rElec    .         Harm     .   (no cloak)
rCorr    .                      (no gloves)
MR       .....                  (boots restricted)
Stlth    ..........             (no amulet)
HPRegen  0.12/turn              (no ring)
MPRegen  0.09/turn              (no ring)

@: stab
A: large, rugged brown scales 3, see invisible, deformed body, roll, armoured
tail
a: Rolling Charge, Depart the Abyss, Bend Space, Renounce Religion


You were on level 2 of the Dungeon.
You worshipped Lugonu.
Lugonu was pleased with you.
You visited 1 branch of the dungeon, and saw 2 of its levels.
You visited the Abyss 1 time.

You collected 57 gold pieces.

Inventory:

Hand Weapons
 a - a +4 hand axe (weapon)
Armour
 h - a +0 plate armour (worn)
Potions
 d - 2 potions of flight
 e - a potion of haste {unknown}
 f - a potion of curing {unknown}


   Skills:
 + Level 3.5 Fighting
 + Level 2.7 Axes
 * Level 2.2 Armour
 * Level 1.3 Dodging
 * Level 2.5 Invocations


You had 3 spell levels left.
You didn't know any spells.
Your spell library was empty.

Dungeon Overview and Level Annotations

Branches:
Dungeon (2/15)

Altars:
Kikubaaqudgha


Innate Abilities, Weirdness & Mutations

You are completely covered in rugged brown scales. (AC +3, +7% HP)
You have supernaturally acute eyesight. (SInv)
Armour fits poorly on your strangely shaped body.
You can roll at foes to attack.
You have a long armoured tail.


Message History

The ice beast freezes you.
* * * LOW HITPOINT WARNING * * *
You bump into the rock wall.
The ice beast hits you but does no damage.
You're too confused to move!
The ice beast hits you. The ice beast freezes you!
* * * LOW HITPOINT WARNING * * *
You're too confused to move!
The ice beast hits you but does no damage.
You slash the ice beast!
You tail-slap the ice beast, but do no damage.
The ice beast is moderately wounded.
You feel less invigorated.
You feel less confused. The ice beast hits you. The ice beast freezes you!
* * * LOW HITPOINT WARNING * * *
There is an ancient bone altar of Kikubaaqudgha here.
Space bends around you!
You blink.
The ice beast hits you.
* * * LOW HITPOINT WARNING * * *
The ice beast freezes you!
You die...

.....................#
...##.>..###.........#
.......## #.........#
####...# ##.......##
##.## ##.....## #.
#.##### #. #.## #.
#..# #@_# ##Y# #ยง#
#.# ###


You could see an ice beast.

Vanquished Creatures
  4 adders (D:2)
  An ooze (D:1)
  A dart slug (D:1)
  A leopard gecko (D:1)
  2 bats (D:1)
  3 giant cockroaches (D:1)
  4 goblins (D:1)
  4 jackals (D:1)
  A quokka (D:2)
  A ball python (D:1)
  4 frilled lizards
  4 kobolds
  6 rats
36 creatures vanquished.

Notes
Turn   | Place    | Note
-------+----------+-------------------------------------------
     0 | Abyss:1  | Gargoyl the Palentonga Abyssal Knight began the quest for
                  | the Orb.
     0 | Abyss:1  | Reached XP level 1. HP: 19/19 MP: 2/2
    90 | Abyss:1  | Noticed a sixfirhy
    92 | D:1      | Escaped the Abyss
   170 | D:1      | Reached * piety under Lugonu
   441 | D:1      | Reached XP level 2. HP: 25/25 MP: 3/3
   484 | D:1      | Reached skill level 1 in Dodging
   789 | D:1      | Reached XP level 3. HP: 31/31 MP: 4/4
  1290 | D:2      | Reached ** piety under Lugonu
  1332 | D:2      | Reached XP level 4. HP: 32/37 MP: 5/5
  1395 | D:2      | Found an ancient bone altar of Kikubaaqudgha.
  1405 | D:2      | Noticed an ice beast
  1437 | D:2      | Mangled by an ice beast

Illustrated notes

Levels and vault maps discovered:
D:1:      dpeg_arrival_signposts, layout_basic
D:2:      layout_rooms, overflow_temple_1_default, lemuel_coloured_pillars_altar

Skill      XL: |  1  2  3 |
---------------+----------+-----
Dodging        | 1 |  1.3
Armour         | 2 |  2.2
Fighting       | |  3.5
Axes           | |  2.7
Invocations    | |  2.5

Action                   |  1- 3 |  4- 6 || total
-------------------------+-------+-------++-------
Melee: Hand axe          |   103 |    12 ||   115
       Tailslap          |     6 |     1 ||     7
Invok: Depart the Abyss  |     1 |       ||     1
       Bend Space        |       |     1 ||     1
  Use: Scroll            |     5 |       ||     5
       Potion            |       |     2 ||     2
Armor: Leather armour    |    33 |       ||    33
       Ring mail         |    10 |       ||    10
       Plate armour      |    36 |    16 ||    52
Dodge: Dodged            |    57 |     2 ||    59

Table legend:
 A = Non-vault XP
 B = Vault XP
 C = Vault XP percentage of total XP
 D = Non-vault monster count
 E = Vault monster count
 F = Vault count percentage of total count
                 A         B        C        D         E       F
            +---------+---------+-------+---------+---------+-------
      Total |     111 |       0 |   0.0 |      36 |       0 |   0.0
            +---------+---------+-------+---------+---------+-------
        D:1 |      51 |       0 |   0.0 |      27 |       0 |   0.0
        D:2 |      60 |       0 |   0.0 |       9 |       0 |   0.0
            +---------+---------+-------+---------+---------+-------
